 Dungeon Crawl Stone Soup version 0.30-a0-365-ge7f957f1db (webtiles) character file.

Game seed: 7083809358400277091

17371 leviel the Severer (level 12, -12/104 HPs)
             Began as a Hill Orc Fighter on Nov 18, 2022.
             Was a High Priest of Okawaru.
             Killed from afar by a black draconian knight (13 damage)
             ... with a bolt of lightning
             ... on level 2 of the Abyss.
             The game lasted 00:19:01 (12510 turns).

leviel the Severer (Hill Orc Fighter)              Turns: 12510, Time: 00:19:02

Health: -12/104    AC: 19    Str: 24    XL:     12   Next: 47%
Magic:  19/19      EV: 14    Int:  8    God:    Okawaru [*****.]
Gold:   455        SH: 15    Dex: 13    Spells: 11/11 levels left

rFire   . . .      SeeInvis +    c - +2 broad axe (elec)
rCold   + . .      Faith    .    N - +0 tower shield {rPois}
rNeg    . . .      Spirit   .    z - +1 plate armour {rC+}
rPois   +          Reflect  .    (no helmet)
rElec   +          Harm     .    s - scarf {repulsion}
rCorr   .          Rampage  .    A - +1 pair of gloves
Will    .....                    K - +1 pair of boots "Xusch" {rElec Dex+3}
Stlth   ..........               (no amulet)
HPRegen 0.00/turn                b - ring of see invisible
MPRegen 0.16/turn                v - ring of the Hare {EV+8}

@: sick, repel missiles
A: no striking features
a: Renounce Religion, Heroism, Finesse, Duel


You were on level 2 of the Abyss.
You worshipped Okawaru.
Okawaru was extremely pleased with you.
You visited 2 branches of the dungeon, and saw 13 of its levels.
You visited the Abyss 1 time.

You collected 966 gold pieces.
You spent 511 gold pieces at shops.

Inventory:

Hand Weapons
 a - a +0 war axe
 c - a +2 broad axe of electrocution (weapon)
 F - a +1 broad axe of flaming
Missiles
 d - 3 datura-tipped darts (quivered)
 h - 26 poisoned darts
 J - 2 throwing nets
 M - 3 atropa-tipped darts
Armour
 s - a scarf of repulsion (worn)
 z - a +1 plate armour of cold resistance (worn)
 A - a +1 pair of gloves (worn)
 K - the +1 pair of boots "Xusch" (worn) {rElec Dex+3}
   (You found it on level 9 of the Dungeon)

   Dex:       It affects your dexterity (+3).
   rElec:     It insulates you from electricity.
 N - a +0 tower shield of poison resistance (worn)
Jewellery
 b - a ring of see invisible (left hand)
 o - a +6 ring of strength
 t - a ring of willpower
 v - the ring of the Hare (right hand) {EV+8}
   (You found it on level 7 of the Dungeon)

   [ring of evasion]

   EV:        It affects your evasion (+8).
 B - a +6 ring of intelligence
 E - a +6 ring of intelligence
Wands
 f - a wand of polymorph (7)
 m - a wand of light (10)
 y - a wand of flame (43)
 C - a wand of paralysis (9)
 G - a wand of iceblast (6)
Scrolls
 i - 8 scrolls of teleportation
 r - a scroll of magic mapping
 H - 3 scrolls of fog {unknown}
 I - 4 scrolls of identify {@r1}
 L - a scroll of brand weapon {unknown}
Potions
 e - 3 potions of brilliance
 g - 3 potions of resistance {unknown}
 j - 2 potions of mutation
 l - 4 potions of curing
 n - a potion of magic {unknown}
 p - 2 potions of lignification {unknown}
 q - a potion of cancellation {unknown}
 u - 2 potions of haste {unknown}
 w - a potion of invisibility {unknown}
 D - a potion of berserk rage {unknown}


   Skills:
 + Level 9.0 Fighting
 * Level 15.5 Axes
 + Level 5.2 Throwing
 + Level 8.1 Armour
 + Level 5.3 Dodging
 + Level 8.1 Shields
 + Level 9.4 Invocations


You had 11 spell levels left.
You didn't know any spells.
Your spell library contained the following spells:

 Spells                   Type           Power      Damage    Failure   Level
 Freeze                   Ice            0%         1d3       100%        1
 Magic Dart               Conj           0%         1d3       100%        1
 Cigotuvi's Dreadful Rot  Necr/Pois/Air  0%         N/A       100%        2
 Poisonous Vapours        Pois/Air       0%         N/A       100%        2
 Searing Ray              Conj           0%         2d4       100%        2
 Frozen Ramparts          Ice            0%         1d1       100%        3
 Hailstorm                Conj/Ice       0%         3d3       100%        3
 Ignite Poison            Fire/Tmut/Pois 0%         N/A       100%        3
 Kindle Blastsparks       Fire/Tloc/Air  0%         2d10      100%        3
 Mephitic Cloud           Conj/Pois/Air  0%         N/A       100%        3
 Fulminant Prism          Conj/Hex       0%         3d5       100%        4
 Freezing Cloud           Conj/Ice/Air   0%         6-21      100%        5


Dungeon Overview and Level Annotations

Branches:
Dungeon (12/15)            Temple (1/1) D:5            Lair (0/5) D:11
    Orc: D:9-12

Altars:
Ashenzari
Cheibriados
Dithmenos
Elyvilon
Fedhas
Gozag
Hepliaklqana
Kikubaaqudgha
Makhleb
Nemelex Xobeh
Okawaru
Qazlal
Ru
Sif Muna
Trog
Uskayaw
Vehumet
Wu Jian
Xom
Yredelemnul
Zin
The Shining One
Beogh

Shops:
D:1 [   D:6 (

Annotations:
D:10 exclusion: ice statue
D:12 Erolcha


Message History

Okay, then.
You feel better. The thrashing horror misses you.
The thrashing horror barely misses you. The thrashing horror tramples you.
* * * LOW HITPOINT WARNING * * *
You stumble backwards!
An ancient zyme comes into view.
The thrashing horror attacks as you move away!
You block the thrashing horror's attack. x2
You feel yourself growing ill in the presence of the ancient zyme.
The thrashing horror tramples you.
* * * LOW HITPOINT WARNING * * *
You hold your ground!
The thrashing horror misses you.
You block the thrashing horror's attack.
The thrashing horror tramples you but does no damage.
You block the thrashing horror's attack. x2
You feel ill.
The thrashing horror attacks as you move away!
You block the thrashing horror's attack.
The thrashing horror tramples you but does no damage. x3
You block the thrashing horror's attack. x2
The thrashing horror attacks as you move away!
You block the thrashing horror's attack. x2
The thrashing horror tramples you.
* * * LOW HITPOINT WARNING * * *
You hold your ground!
The thrashing horror completely misses you.
You block the thrashing horror's attack.
The thrashing horror closely misses you.
You feel ill.
The thrashing horror attacks as you move away!
The thrashing horror tramples you but does no damage.
The thrashing horror tramples you.
* * * LOW HITPOINT WARNING * * *
You block the thrashing horror's attack.
The thrashing horror closely misses you.
The black draconian knight breathes lightning at you.
The bolt of lightning hits the thrashing horror!
The thrashing horror resists.
The bolt of lightning hits you! You resist.
You die...

. ##. .. ## ## .####
.## .# #.##.##
....#.#..#....#####
.*..x.# ##.##...#.#
... *#.....#....@#
#...###q .###..X##
##.# ##Z## ##.##
#...###...# #...##
.... .....#q....#.
........xZ......... .
... .....#.....#...
...###...###...###...
.# ##.## ##.## #.#


You could see a black draconian knight (fast, invisible, catching breath), an
ancient zyme, a thrashing horror and a centaur warrior zombie.

Vanquished Creatures
  A tentacled starspawn (Abyss:2)
  A great orb of eyes (Abyss:2)
  Erica (D:8)
  3 death yaks (D:10)
  A two-headed ogre (D:10)
  Urug (D:10)
  A shadow wraith (Abyss:2)
  A sixfirhy (Abyss:2)
  The ghost of KryptKrawler the Covered, a novice AtFi (D:6)
  An ugly thing (D:12)
  An apocalypse crab (Abyss:2)
  2 smoke demons (Abyss:2)
  A gargoyle (D:10)
  Maggie (D:9)
  Psyche (D:8)
  A harpy zombie (Abyss:2)
  4 trolls
  Prince Ribbit (D:8)
  A large abomination (Abyss:2)
  5 yaks
  6 wraiths
  A wyvern (D:7)
  A chaos spawn (Abyss:2)
  A steam dragon (D:8)
  4 water moccasins
  6 orc warriors
  A sky beast (D:6)
  An ice beast (D:5)
  2 ogres
  12 centaurs
  A phantom (D:6)
  A kobold brigand (D:6)
  6 bullfrogs
  A necrophage (D:5)
  2 scorpions
  A gnoll sergeant (D:10)
  7 wights
  6 killer bees (D:11)
  An electric eel (D:8)
  6 howler monkeys
  3 hounds
  2 jellies
  11 orc priests
  5 iguanas
  13 orc wizards
  8 gnolls
  7 adders
  2 shadow imps
  A white imp (Abyss:2)
  An ufetubus (D:5)
  A dart slug (D:1)
  63 orcs
  6 ball pythons
  5 endoplasms
  5 giant cockroaches
  7 goblins
  4 hobgoblins
  2 jackals (D:3)
  8 quokkas
  5 bats
  5 frilled lizards
  7 kobolds
  10 rats
278 creatures vanquished.

Vanquished Creatures (others)
  2 starspawn tentacles (Abyss:2)
2 creatures vanquished.

Grand Total: 280 creatures vanquished

Notes
Turn   | Place    | Note
-------+----------+-------------------------------------------
     0 | D:1      | leviel the Hill Orc Fighter began the quest for the Orb.
     0 | D:1      | Reached XP level 1. HP: 19/19 MP: 1/1
    68 | D:1      | Reached skill level 3 in Axes
    68 | D:1      | Reached XP level 2. HP: 27/27 MP: 2/2
   118 | D:1      | Found Wuxiuwo's Armour Emporium.
   891 | D:2      | Reached XP level 3. HP: 33/33 MP: 3/3
   895 | D:2      | Reached skill level 4 in Axes
  1025 | D:2      | Reached skill level 5 in Axes
  1025 | D:2      | Reached XP level 4. HP: 39/40 MP: 4/4
  1149 | D:2      | Reached skill level 6 in Axes
  1315 | D:2      | Found a radiant altar of Vehumet.
  1351 | D:2      | Reached XP level 5. HP: 46/46 MP: 5/5
  1669 | D:3      | Reached skill level 7 in Axes
  2029 | D:3      | Noticed an ogre
  2033 | D:3      | Killed an ogre
  2034 | D:3      | Reached skill level 8 in Axes
  2034 | D:3      | Reached XP level 6. HP: 52/52 MP: 6/6
  2114 | D:3      | Found a shimmering blue altar of Sif Muna.
  2144 | D:4      | Noticed a +0 spear
  2144 | D:4      | Noticed a +0 spear
  2144 | D:4      | Noticed a +0 short sword
  2144 | D:4      | Noticed a +0 dagger
  2149 | D:4      | Found a sacrificial altar of Ru.
  2151 | D:4      | Noticed a +0 falchion
  2152 | D:4      | Found an iron altar of Okawaru.
  2152 | D:4      | Noticed a +0 dagger
  2158 | D:4      | Noticed a +0 short sword
  2173 | D:4      | Noticed a +0 falchion
  2215 | D:4      | Became a worshipper of Warmaster Okawaru
  2506 | D:4      | Found a hide-covered altar of Uskayaw.
  2554 | D:4      | Reached skill level 1 in Invocations
  2681 | D:4      | Reached skill level 9 in Axes
  2681 | D:4      | Reached XP level 7. HP: 17/58 MP: 8/8
  3483 | D:5      | Entered Level 5 of the Dungeon
  3544 | D:5      | Found a broken altar of Ashenzari.
  3810 | D:5      | HP: 2/58 [ogre/+0 giant spiked club (22)]
  3811 | D:5      | Reached * piety under Okawaru
  3812 | D:5      | Reached skill level 10 in Axes
  4319 | D:5      | Found a staircase to the Ecumenical Temple.
  4379 | D:5      | Reached XP level 8. HP: 66/66 MP: 9/11
  4509 | Temple   | Entered the Ecumenical Temple
  4707 | D:6      | Reached skill level 1 in Dodging
  4885 | D:6      | Found Qioxihui's Antique Weapon Shop.
  5047 | D:6      | Reached ** piety under Okawaru
  5211 | D:6      | Found a runed translucent door.
  5212 | D:6      | Noticed KryptKrawler's ghost (novice AtFi)
  5278 | D:6      | Identified a scroll of acquirement
  5278 | D:6      | Acquired a +2 broad axe of electrocution
  5290 | D:6      | Killed KryptKrawler's ghost
  5290 | D:6      | Reached *** piety under Okawaru
  5291 | D:6      | Reached skill level 5 in Fighting
  5291 | D:6      | Reached skill level 11 in Axes
  5291 | D:6      | Reached skill level 5 in Invocations
  5291 | D:6      | Reached XP level 9. HP: 29/74 MP: 11/13
  5538 | D:6      | Found a blossoming altar of Fedhas.
  6125 | D:7      | Reached skill level 5 in Armour
  6217 | D:7      | Reached skill level 5 in Shields
  6503 | D:7      | Reached skill level 1 in Throwing
  6742 | D:7      | Reached skill level 12 in Axes
  6852 | D:7      | Found the ring of the Hare {EV+8}
  7661 | D:1      | Bought a +1 plate armour of cold resistance for 385 gold
                  | pieces
  7661 | D:1      | Bought a +1 pair of gloves for 126 gold pieces
  8160 | D:8      | Noticed Erica
  8176 | D:8      | Killed Erica
  8176 | D:8      | Reached **** piety under Okawaru
  8177 | D:8      | Reached XP level 10. HP: 76/84 MP: 14/14
  8215 | D:8      | Noticed Psyche
  8225 | D:8      | Noticed Prince Ribbit
  8228 | D:8      | Killed Psyche
  8237 | D:8      | Killed Prince Ribbit
  8463 | D:8      | Found a roughly hewn altar of Beogh.
  8481 | D:8      | Reached ***** piety under Okawaru
  8556 | D:8      | Reached skill level 13 in Axes
  9075 | D:9      | Found a burning altar of Makhleb.
  9191 | D:9      | Noticed Maggie
  9199 | D:9      | Killed Maggie
  9342 | D:9      | Received a gift from Okawaru
  9348 | D:9      | Identified the +1 pair of boots "Xusch" {rElec Dex+3}
  9487 | D:10     | Entered Level 10 of the Dungeon
  9594 | D:10     | Identified the +2 leather armour of Insatiable Hunger
                  | {Int+4}
  9595 | D:10     | Noticed a gargoyle
  9613 | D:10     | Killed a gargoyle
  9746 | D:10     | Noticed an ice statue
  9762 | D:10     | Reached XP level 11. HP: 92/92 MP: 16/16
  9904 | D:10     | Found a large runed translucent door.
  9910 | D:10     | Found a large runed translucent door.
  9926 | D:10     | Noticed a two-headed ogre
  9930 | D:10     | Noticed Urug
  9932 | D:10     | Killed a two-headed ogre
  9941 | D:10     | Killed Urug
 10283 | D:10     | Reached skill level 14 in Axes
 10622 | D:10     | Found a white marble altar of Elyvilon.
 10635 | D:10     | Found a stormy altar of Qazlal.
 10711 | D:11     | Noticed a death yak
 10712 | D:11     | Found a staircase to the Lair.
 10712 | D:11     | Noticed a death yak
 10726 | D:10     | Killed a death yak
 10932 | D:11     | Noticed a death yak
 10942 | D:10     | Killed a death yak
 10942 | D:10     | Received a gift from Okawaru
 11167 | D:10     | Killed a death yak
 11167 | D:10     | Received a gift from Okawaru
 11862 | D:12     | Noticed a green ugly thing
 11867 | D:12     | Killed a green ugly thing
 11947 | D:12     | Noticed Erolcha
 11949 | D:12     | Reached XP level 12. HP: 97/103 MP: 18/18
 11953 | Abyss:2  | Cast into level 2 of the Abyss (Erolcha)
 12008 | Abyss:2  | Noticed a starcursed mass
 12110 | Abyss:2  | Found a corrupted altar of Lugonu.
 12160 | Abyss:2  | Reached skill level 15 in Axes
 12160 | Abyss:2  | Reached skill level 5 in Dodging
 12301 | Abyss:2  | Noticed a rakshasa
 12348 | Abyss:2  | Noticed a tentacled starspawn
 12360 | Abyss:2  | Killed a tentacled starspawn
 12361 | Abyss:2  | Reached skill level 5 in Throwing
 12369 | Abyss:2  | Noticed a black draconian knight
 12417 | Abyss:2  | Noticed a great orb of eyes
 12427 | Abyss:2  | Received a gift from Okawaru
 12432 | Abyss:2  | Killed a great orb of eyes
 12490 | Abyss:2  | Noticed a thrashing horror
 12491 | Abyss:2  | Noticed a thrashing horror
 12499 | Abyss:2  | Noticed a wretched star
 12500 | Abyss:2  | HP: 5/104 [black draconian knight/bolt of lightning (6)]
 12510 | Abyss:2  | HP: 1/104 [thrashing horror (5)]
 12510 | Abyss:2  | Killed from afar by a black draconian knight

Illustrated notes

Levels and vault maps discovered:
D:1:      tarquinn_simple_flora_water_b, layout_basic, serial_shops,
          nicolae_shop_temple_entry_statues_fountains
D:2:      layout_rooms, basic_altar
D:3:      layout_basic, led_sif_book
D:4:      minmay_chambers_of_fours, layout_basic, nicolae_uskayaw_en_pointe,
          grunt_temple_overflow_open, minmay_cupped
D:5:      layout_basic, evilmike_ruin_ashenzari,
          minmay_temple_entry_enclosed_plants
D:6:      layout_basic, old_standard_altar, serial_shops, shop,
          gammafunk_ghost_grave, hangedman_abyss_or_decor_lesser_grid,
          hangedman_abyss_or_decor_stabs
D:7:      layout_basic, serial_co_window_serial, co_window_corner_a,
          co_window_corner_a, co_window_paths_a, co_window_paths_a,
          co_window_corner_a, co_window_corner_a, co_window_of_opportunity_a,
          co_window_2corner, co_window_broadway_a, co_window_broadway_a,
          co_window_paths_c, co_window_paths_c, glass_columns_b,
          glass_columns_b, glass_columns_a, glass_columns_c, glass_columns_a,
          palyth_stone_intersect
D:8:      layout_basic, special_room [special_room_orc], uniq_psyche,
          uniq_prince_ribbit1, uniq_erica
D:9:      layout_basic, mainiacjoe_overflow_tiny_flanked, uniq_maggie
D:10:     cheibrodos_frozen_isle, layout_loops_ring, jmf_multi_god_temple2,
          mrwooster_statue_mirror, uniq_urug
D:11:     layout_rooms, dpeg_lair_monsters
D:12:     layout_loops_cross, zombieorc2_lemuel, gammafunk_ghost_arena,
          enter_trove_1, zin_treasury, uniq_erolcha, uniq_fannar, uniq_gastronok
Temple:   dshaligram_water_room_temple
Abyss:2:  base: D:10, hangedman_abyss_or_decor_passed,
          hangedman_abyss_or_decor_passed, hangedman_abyss_mock_shop

Skill      XL: |  1  2  3  4  5  6  7  8  9 10 11 12 |
---------------+-------------------------------------+-----
Axes           | 3 5 6 8 9 10 11 12 13 14 15 | 15.5
Invocations    | 2 4 5 6 7 8 9 |  9.4
Fighting       | 4 5 6 7 8 9 |  9.0
Dodging        | 2 3 4 5 |  5.3
Armour         | 4 5 6 7 8 |  8.1
Shields        | 4 5 6 7 8 |  8.1
Throwing       | 2 3 4 5 |  5.2

Action                   |  1- 3 |  4- 6 |  7- 9 | 10-12 || total
-------------------------+-------+-------+-------+-------++-------
Melee: War axe           |    69 |   136 |   154 |       ||   359
       Broad axe         |       |       |   111 |   391 ||   502
Invok: Heroism           |       |       |       |     1 ||     1
       Finesse           |       |       |       |     1 ||     1
  Use: Potion            |     1 |     1 |     2 |     6 ||    10
       Scroll            |       |     2 |    12 |     3 ||    17
Armor: Scale mail        |    29 |    45 |    80 |       ||   154
       Plate armour      |       |       |     8 |   159 ||   167
Dodge: Dodged            |    26 |    37 |    81 |   267 ||   411
       Repelled          |       |       |     1 |     8 ||     9
Block: Buckler           |     7 |       |       |       ||     7
       Kite shield       |    22 |    51 |   101 |    95 ||   269
       Tower shield      |       |       |       |   207 ||   207

Table legend: (Time is in decaauts)
 A = Elapsed time spent in this place.
 B = Non-inter-level travel time spent in this place.
 C = Inter-level travel time spent in this place.
 D = Time resting spent in this place.
 E = Time spent auto-exploring this place.
 F = Levels seen in this place.
 G = Mean time per level.
                   A        B        C        D        E       F      G
               +--------+--------+--------+--------+--------+-----+--------+
         Total |  12667 |  11918 |    749 |   1771 |   7886 |  14 |  904.8 |
       Dungeon |  11979 |  11253 |    726 |   1529 |   7786 |  12 |  998.2 |
        Temple |    132 |    109 |     23 |      0 |    100 |   1 |  132.0 |
         Abyss |    555 |    555 |      0 |    242 |      0 |   1 |  555.0 |
               +--------+--------+--------+--------+--------+-----+--------+

Top non-repeatable levels by time:
    D:10: 1756 daAuts
     D:4: 1550 daAuts
     D:6: 1531 daAuts
     D:7: 1422 daAuts
     D:1: 1022 daAuts
     D:5: 974 daAuts
     D:8: 877 daAuts
     D:3: 841 daAuts
     D:9: 716 daAuts
    D:11: 631 daAuts
 Abyss:2: 555 daAuts
     D:2: 540 daAuts
  Temple: 132 daAuts
    D:12: 114 daAuts
